 Dungeon Crawl Stone Soup version 0.23.2-1-ga50397a (webtiles) character file.

Game seed: 16418702775033328282

64 Crabhammer the Magician (level 4, -1/24 HPs)
             Began as a Tengu Wizard on May 17, 2019.
             Shot with an arrow by a centaur (14 damage)
             ... on level 3 of the Dungeon.
             The game lasted 00:12:25 (2789 turns).

Crabhammer the Magician (Tengu Wizard)              Turns: 2789, Time: 00:12:26

Health: -1/24      AC:  2    Str:  8    XL:     4   Next: 12%
Magic:  7/11       EV: 13    Int: 19    God:
Gold:   116        SH:  0    Dex: 12    Spells: 8/11 levels left

rFire    . . .     SeeInvis .   a - +2 dagger (drain)
rCold    . . .     Gourm    .   (no shield)
rNeg     . . .     Faith    .   e - +0 robe
rPois    .         Spirit   .   b - +0 hat
rElec    .         Reflect  .   (no cloak)
rCorr    .         Harm     .   (no gloves)
MR       .....                  (boots unavailable)
Stlth    ++........             (no amulet)
HPRegen  0.08/turn              (no ring)
MPRegen  0.12/turn              (no ring)

@: no status effects
A: beak, talons 3
a: no special abilities


You were on level 3 of the Dungeon.
You were not hungry.

You visited 1 branch of the dungeon, and saw 3 of its levels.

You collected 116 gold pieces.

Inventory:

Hand Weapons
 a - a +2 dagger of draining (weapon)
Armour
 b - a +0 hat (worn)
 e - a +0 robe (worn)
 f - a +0 leather armour
 i - a cursed +0 chain mail
 s - a +0 robe
Jewellery
 u - a cursed -2 ring of evasion {unknown}
Scrolls
 h - 2 scrolls of teleportation {unknown}
 k - 6 scrolls of identify {unknown}
 m - a scroll of noise {unknown}
 o - a scroll of remove curse {unknown}
 q - a scroll of blinking {unknown}
 t - a scroll of magic mapping {unknown}
 v - a scroll of immolation {unknown}
Potions
 c - a potion of flight {unknown}
 j - a potion of might {unknown}
 l - a potion of curing {unknown}
 n - a potion of agility {unknown}
 p - 2 potions of invisibility {unknown}
 r - a potion of lignification {unknown}
Comestibles
 d - 4 rations
 g - a chunk of flesh


   Skills:
 + Level 0.8 Fighting
 + Level 2.8 Dodging
 - Level 2.0 Stealth
 + Level 4.0 Spellcasting
 + Level 2.1 Conjurations
 - Level 1.2 Summonings
   Level 0.7 Translocations


You had 8 spell levels left.
You knew the following spells:

 Your Spells              Type           Power        Failure   Level  Hunger
a - Magic Dart            Conj           ##..         6%          1    None
b - Call Imp              Summ           #.......     13%         2    ##.....

Your spell library contained the following spells:

 Spells                   Type           Power        Failure   Level  Hunger
 Blink                    Tloc           N/A          16%         2    ##.....
 Slow                     Hex            #.......     21%         2    ##.....
 Conjure Flame            Conj/Fire      #.......     26%         3    ###....
 Mephitic Cloud           Conj/Pois/Air  #.......     30%         3    ###....


Dungeon Overview and Level Annotations

Branches:
Dungeon (3/15)

Altars:
The Shining One


Innate Abilities, Weirdness & Mutations

You have a beak for a mouth.
You have claws for feet.


Message History

Your white imp gestures at the giant cockroach.
The puff of frost hits the giant cockroach!
The giant cockroach dies!
Your white imp gestures at the centaur.
The puff of frost hits the centaur!
The centaur shoots an arrow.
The arrow hits your white imp!!
Your white imp dies!
The centaur shoots an arrow.
The arrow hits you but does no damage.
Casting: Call Imp (safe; 13% risk of failure)
Confirm with . or Enter, or press ? or * to list all spells.
A beastly little devil appears in a puff of flame.
The centaur shoots an arrow.
The arrow hits your crimson imp!
The centaur shoots an arrow.
The arrow barely misses your crimson imp.
The arrow barely misses you.
The centaur shoots an arrow.
The arrow hits your crimson imp!
Your crimson imp dies!
The centaur shoots an arrow.
The arrow hits you!
Ouch! That really hurt!
You die...

..... c..
#(# #(# #(#
#.# #.# #.#
#@# ###.###
#.....#
#.....#
#.....#
#####.....#
#...'.....#
#.###.....#
#.....#


You could see a centaur.

Vanquished Creatures
  An adder (D:2)
  An ooze (D:2)
  2 worms (D:3)
  2 dart slugs
  A leopard gecko (D:2)
  3 ball pythons
  4 bats
  5 goblins
  4 hobgoblins
  2 jackals (D:2)
  A quokka (D:3)
  A frilled lizard (D:1)
  2 kobolds
  7 rats
36 creatures vanquished.

Vanquished Creatures (collateral kills)
  A worm (D:2)
  A leopard gecko (D:2)
  A giant cockroach (D:3)
  2 goblins
5 creatures vanquished.

Grand Total: 41 creatures vanquished

Notes
Turn   | Place    | Note
-------+----------+-------------------------------------------
     0 | D:1      | Crabhammer the Tengu Wizard began the quest for the Orb.
     0 | D:1      | Reached XP level 1. HP: 10/10 MP: 5/5
   295 | D:1      | Reached XP level 2. HP: 15/15 MP: 4/7
   536 | D:1      | Learned a level 2 spell: Call Imp
  1150 | D:2      | Reached XP level 3. HP: 17/20 MP: 1/9
  1809 | D:2      | Found a glowing golden altar of the Shining One.
  2601 | D:3      | Reached skill level 4 in Spellcasting
  2607 | D:3      | Reached XP level 4. HP: 24/24 MP: 2/11
  2782 | D:3      | Noticed a centaur
  2789 | D:3      | Shot with an arrow by a centaur

Skill      XL: |  1  2  3 |
---------------+----------+-----
Conjurations   | 2 |  2.1
Spellcasting   | 4 |  4.0
Fighting       | |  0.8
Dodging        | |  2.8
Stealth        | |  2.0
Summonings     | |  1.2
Translocations | |  0.7

Action                   |  1- 3 |  4- 6 || total
-------------------------+-------+-------++-------
Melee: Dagger            |    19 |     1 ||    20
       Kick              |     4 |       ||     4
       Peck              |     2 |       ||     2
 Cast: Magic Dart        |    97 |     3 ||   100
       Call Imp          |     7 |     2 ||     9
  Eat: Chunk             |     5 |     1 ||     6
Armor: Robe              |     1 |     1 ||     2
Dodge: Dodged            |    28 |     3 ||    31
